 Dungeon Crawl Stone Soup version 0.23.1 (webtiles) character file.

Game seed: 0

24128 Gadfly the Dancer (level 12, -46/92 HPs)
             Began as a Demonspawn Monk on Mar 4, 2019.
             Was a Believer of Uskayaw.
             Annihilated by an enormous slime creature (64 damage)
             ... in a Gauntlet.
             The game lasted 00:30:59 (14620 turns).

Gadfly the Dancer (Demonspawn Monk)                Turns: 14620, Time: 00:30:59

Health: -46/92     AC: 21    Str: 20    XL:     12   Next: 77%
Magic:  0/30       EV:  8    Int:  6    God:    Uskayaw [**....]
Gold:   547        SH:  0    Dex: 26    Spells: 10/11 levels left

rFire    + . .     SeeInvis .   p - +10 great mace of Tomorrow {speed, rPois MP+9 Str+4 Int-5}
rCold    + . .     Gourm    .   (shield currently unavailable)
rNeg     + . .     Faith    .   o - +3 plate armour {rC+}
rPois    +         Spirit   +   y - +2 hat
rElec    .         Reflect  .   (no cloak)
rCorr    .         Harm     .   k - +0 pair of gloves {Dex+3}
MR       .....     NoTele   +   K - +0 pair of boots {run}
Stlth    ..........             n - amulet of guardian spirit
HPRegen  0.25/turn              q - ring of positive energy
MPRegen  0.22/turn              (no ring)

@: quick
A: antennae 1, thin skeletal structure 3, demonic guardian 1, fire resistance 1,
mutation resistance 1, flame cloud immunity
a: Stomp, Line Pass, Renounce Religion


You were in a Gauntlet.
You worshipped Uskayaw.
Uskayaw was pleased with you.
You were not hungry.

You visited 3 branches of the dungeon, and saw 14 of its levels.
You also visited: Gauntlet.

You collected 613 gold pieces.
You spent 66 gold pieces at shops.

Inventory:

Hand Weapons
 a - a +1 hand axe of flaming
 b - a +1 whip of venom
 p - the +10 great mace of Tomorrow (weapon) {speed, rPois MP+9 Str+4 Int-5}
   (You took it off an orc warrior on level 7 of the Dungeon)

   Attacks with this weapon are significantly faster.
   It affects your strength (+4).
   It affects your intelligence (-5).
   It protects you from poison.
   It affects your magic capacity (+9).
Armour
 k - a +0 pair of gloves of dexterity (worn)
 o - a +3 plate armour of cold resistance (worn)
 y - a +2 hat (worn)
 K - a +0 pair of boots of running (worn)
Jewellery
 n - an amulet of guardian spirit (around neck)
 q - a ring of positive energy (left hand)
Wands
 x - a wand of scattershot (6)
 B - a wand of paralysis (10)
 D - a wand of random effects (27)
 H - a wand of acid (9)
Scrolls
 e - 3 scrolls of amnesia
 h - 4 scrolls of blinking
 l - 3 scrolls of identify
 r - 8 scrolls of remove curse
 s - 5 scrolls of teleportation
 v - 2 scrolls of enchant armour
 C - a scroll of fog
 E - 2 scrolls of magic mapping
 F - a scroll of enchant weapon
Potions
 d - 5 potions of cancellation
 f - 3 potions of haste
 g - 4 potions of lignification
 i - 8 potions of curing
 j - 2 potions of ambrosia
 m - a potion of agility
 t - a potion of berserk rage
 w - 2 potions of brilliance
 z - 3 potions of might
 A - a potion of flight
 G - 3 potions of heal wounds
Miscellaneous
 I - a lamp of fire
 J - a fan of gales
Comestibles
 c - 23 rations
 L - a chunk of flesh


   Skills:
 + Level 7.7 Fighting
 * Level 12.1 Axes
 + Level 8.9 Armour
 - Level 2.6 Dodging
 - Level 1.7 Stealth
 * Level 12.7 Invocations
 * Level 7.8 Evocations


You had 10 spell levels left.
You knew the following spells:

 Your Spells              Type           Power        Failure   Level  Hunger
a - Corona                Hex            #......      100%        1    ##.....

Your spell library contained the following spells:

 Spells                   Type           Power        Failure   Level  Hunger
 Slow                     Hex            #.......     100%        2    ###....
 Inner Flame              Hex/Fire       #.......     100%        3    ####...
 Portal Projectile        Hex/Tloc       #.....       100%        3    ####...
 Cause Fear               Hex            #.........   100%        4    #####..
 Leda's Liquefaction      Hex/Erth       #.........   100%        4    #####..
 Irradiate                Conj/Tmut      #.........   100%        5    ######.
 Iron Shot                Conj/Erth      #.........   100%        6    #######
 Shatter                  Erth           #.........   100%        9    #######


Dungeon Overview and Level Annotations

Branches:
Dungeon (12/15)            Temple (1/1) D:5            Lair (1/6) D:10
    Orc (0/2) D:12

Altars:
Ashenzari
Cheibriados
Dithmenos
Elyvilon
Fedhas
Gozag
Hepliaklqana
Kikubaaqudgha
Makhleb
Nemelex Xobeh
Okawaru
Qazlal
Ru
Sif Muna
Trog
Uskayaw
Vehumet
Wu Jian
Xom
Yredelemnul
Zin
The Shining One
Beogh

Shops:
D:4 ***

Annotations:
Gauntlet 13 transporters, 21 runed translucent doors, exclusion: obsidian statue


Innate Abilities, Weirdness & Mutations

You have a pair of small antennae on your head.
You have an unnaturally thin skeletal structure. (Dex +6, Stealth++)
A weak demonic guardian rushes to your aid.
Your flesh is heat resistant. (rF+)
You are immune to clouds of flame.
You are somewhat resistant to further mutation.


Message History

Two slime creatures merge to form an enormous slime creature.
You hit the enormous slime creature.
The enormous slime creature is lightly wounded.
You sock the enormous slime creature!
The enormous slime creature is lightly wounded.
Your shadow imp hits the enormous slime creature.
The enormous slime creature closely misses you.
You hit the enormous slime creature.
The enormous slime creature is lightly wounded.
Your shadow imp hits the enormous slime creature.
The enormous slime creature hits you!!!!
Ouch! That really hurt!
* * * LOW HITPOINT WARNING * * *
Unknown command.
You bludgeon the enormous slime creature!!
The enormous slime creature is moderately wounded.
Your shadow imp hits the enormous slime creature.
The enormous slime creature hits you!!!
Ouch! That really hurt!
You die...

### ### ### ### ### #8#
#8# #8# #8# #8#
#####################
###≈...................
#8#....................
###.###########.#######
#.#)$#.©.#.=#.#t..$©$
###.##@5#.#..##.#......
#8#.#.#J.#..#.#.#..#+++
###.#..#...#..#.#++#...
#.##.J#.#..##.#..+...
###.#.#..#..#.#.#..+...
#8#.#..#.©.#..#.#++#+#+
###.#...#.#...#.#..+...
#.#....#....#.#..+.©.
###.###################


You could see an enormous slime creature and a friendly shadow imp.

Vanquished Creatures
  Gastronok (D:10)
  A death ooze (Gauntlet)
  Fannar (D:10)
  A hydra (D:8)
  3 two-headed ogres
  The ghost of Gadfly the Ruffian, a novice DrTm of the Shining One (D:7)
  2 unseen horrors
  A wizard (Gauntlet)
  A necromancer (D:12)
  4 ugly things
  2 manticores (D:12)
  3 gargoyles
  An ice devil (Gauntlet)
  4 kobold demonologists (D:9)
  A troll (D:11)
  A harpy skeleton (D:12)
  2 hippogriffs
  2 dream sheep (D:8)
  A wyvern (D:11)
  16 yaks
  A steam dragon (D:11)
  3 wargs (D:10)
  A sky beast (D:5)
  2 ice beasts
  A black bear (D:12)
  A necrophage (D:11)
  6 orc warriors
  3 phantoms
  The ghost of krisfiction the Magician, an amateur TrWz (D:4)
  6 ogres
  3 centaurs
  A crocodile (Lair:1)
  3 big kobolds (D:8)
  5 bullfrogs
  A gnoll sergeant (D:10)
  A wyvern zombie (D:11)
  8 scorpions
  19 killer bees
  A howler monkey (D:5)
  6 crimson imps
  3 centaur zombies
  3 bullfrog zombies
  A quasit (D:10)
  4 jellies
  A centaur skeleton (D:4)
  5 hounds
  12 orc priests
  A bullfrog skeleton (D:12)
  12 orc wizards
  3 iguanas
  9 worker ants
  A hound skeleton (D:11)
  A howler monkey skeleton (D:4)
  8 gnolls
  9 adders
  A shadow imp (D:8)
  5 white imps (Gauntlet)
  2 oozes (D:2)
  4 worms
  3 dart slugs
  8 leopard geckos
  55 orcs
  11 bats
  3 giant cockroaches
  10 hobgoblins
  17 jackals
  12 kobolds
  5 quokkas
  3 frilled lizards
  6 goblins
  6 rats
346 creatures vanquished.

Vanquished Creatures (collateral kills)
  A centaur zombie (D:12)
  A troll (D:12)
  Grinder (D:4)
  Sigmund (D:2)
  A yak (D:11)
  A sky beast (D:12)
  A phantom (D:5)
  2 ogres
  Blork the orc (D:4)
  A bullfrog (D:4)
  A water moccasin zombie (D:8)
  A killer bee (D:12)
  An orc priest (D:8)
  A worker ant (D:8)
  An iguana (D:5)
  2 leopard geckos
  4 orcs
  A ball python skeleton (D:4)
  A rat (D:3)
24 creatures vanquished.

Vanquished Creatures (others)
  A bat (D:3)
  4 demonic plants (Gauntlet)
  3 fungi (Gauntlet)
  11 plants (Gauntlet)
19 creatures vanquished.

Grand Total: 389 creatures vanquished

Notes
Turn   | Place    | Note
-------+----------+-------------------------------------------
     0 | D:1      | Gadfly the Demonspawn Monk began the quest for the Orb.
     0 | D:1      | Reached XP level 1. HP: 18/18 MP: 1/1
   395 | D:1      | Gained mutation: A weak demonic guardian rushes to your
                  | aid. [demonic ancestry]
   395 | D:1      | Reached XP level 2. HP: 22/24 MP: 2/2
  1115 | D:2      | Gained mutation: You have a somewhat thin skeletal
                  | structure. (Dex +2, Stealth) [demonic ancestry]
  1115 | D:2      | Reached XP level 3. HP: 19/29 MP: 3/3
  1167 | D:2      | Noticed Sigmund
  2197 | D:2      | Found an iron altar of Okawaru.
  2197 | D:2      | Found a radiant altar of Vehumet.
  2272 | D:2      | Killed Sigmund
  2272 | D:2      | Reached skill level 5 in Axes
  2272 | D:2      | Reached skill level 1 in Armour
  2272 | D:2      | Gained mutation: Your flesh is heat resistant. (rF+)
                  | [demonic ancestry]
  2272 | D:2      | Reached XP level 4. HP: 24/35 MP: 4/4
  2272 | D:2      | Reached XP level 5. HP: 29/41 MP: 5/5
  3281 | D:3      | Noticed an ogre
  3292 | D:3      | Killed an ogre
  3292 | D:3      | Gained mutation: You have a moderately thin skeletal
                  | structure. (Dex +4, Stealth+) [demonic ancestry]
  3292 | D:3      | Reached XP level 6. HP: 4/47 MP: 6/6
  4408 | D:4      | Found Jumug's General Store.
  4412 | D:4      | Noticed Grinder
  4414 | D:4      | Found a runed translucent door.
  4414 | D:4      | Noticed krisfiction's ghost (amateur TrWz)
  4415 | D:4      | Got a slimy trident
  4417 | D:4      | Paralysed by Grinder for 3 turns
  4427 | D:4      | Identified the +2 trident of Diet Blood {vamp, MR+ MP+9
                  | Stlth+} (You found it on level 4 of the Dungeon)
  4437 | D:4      | Killed Grinder
  4437 | D:4      | Gained mutation: You have an unnaturally thin skeletal
                  | structure. (Dex +6, Stealth++) [demonic ancestry]
  4437 | D:4      | Reached XP level 7. HP: 36/52 MP: 7/7
  4502 | D:4      | Found Nyjaff's Assorted Antiques.
  4519 | D:4      | Bought a metallic grey potion for 27 gold pieces
  4536 | D:4      | Noticed Blork the orc
  4547 | D:4      | Killed Blork the orc
  4558 | D:4      | Identified Buirphom's Papyrus of Clay and Conjuration
  4813 | D:4      | Found Gumass's General Store.
  4817 | D:4      | Bought a scroll of teleportation for 39 gold pieces
  4860 | D:4      | Killed krisfiction's ghost
  5007 | D:5      | Entered Level 5 of the Dungeon
  5169 | D:5      | Found a staircase to the Ecumenical Temple.
  5199 | Temple   | Entered the Ecumenical Temple
  5301 | Temple   | Became a worshipper of Uskayaw the Reveler
  5301 | Temple   | Reached * piety under Uskayaw
  5428 | D:5      | Reached ** piety under Uskayaw
  5439 | D:5      | Reached skill level 1 in Invocations
  5439 | D:5      | Gained mutation: You are immune to clouds of flame.
                  | [demonic ancestry]
  5439 | D:5      | Reached XP level 8. HP: 15/58 MP: 7/9
  7175 | D:7      | Reached skill level 5 in Invocations
  7175 | D:7      | Reached XP level 9. HP: 61/65 MP: 12/12
  7635 | D:7      | Found a hazy altar of Hepliaklqana.
  7697 | D:7      | Reached *** piety under Uskayaw
  8156 | D:7      | Found a runed translucent gate.
  8156 | D:7      | Noticed Gadfly's ghost (novice DrTm)
  8170 | D:7      | Found a runed translucent gate.
  8171 | D:7      | Found a runed translucent gate.
  8171 | D:7      | Identified the +10 great mace of Tomorrow {speed, rPois
                  | MP+9 Str+4 Int-5}
  8177 | D:7      | Found a roughly hewn altar of Beogh.
  8375 | D:7      | Reached skill level 5 in Armour
  8384 | D:7      | Reached **** piety under Uskayaw
  8387 | D:7      | Killed Gadfly's ghost
  8387 | D:7      | Reached skill level 5 in Fighting
  8387 | D:7      | Reached ***** piety under Uskayaw
  8758 | D:8      | Noticed a two-headed ogre
  8766 | D:8      | Killed a two-headed ogre
  8766 | D:8      | Reached skill level 10 in Axes
  8766 | D:8      | Gained mutation: You have a pair of small antennae on your
                  | head. [demonic ancestry]
  8766 | D:8      | Reached XP level 10. HP: 48/74 MP: 1/15
  9096 | D:8      | Learned a level 1 spell: Corona
  9197 | D:8      | Noticed a two-headed hydra
  9203 | D:8      | Reached skill level 1 in Evocations
  9213 | D:8      | Killed a two-headed hydra
  9218 | D:8      | Reached ****** piety under Uskayaw
  9379 | D:8      | Found a white marble altar of Elyvilon.
  9492 | D:8      | Found a blossoming altar of Fedhas.
  9922 | D:9      | Noticed a rust devil
  9935 | D:9      | Noticed an orange demon
  9942 | D:9      | Noticed an orange demon
  9945 | D:9      | Noticed a soul eater
  9945 | D:9      | Reached XP level 11. HP: 61/81 MP: 18/18
 10425 | D:10     | Entered Level 10 of the Dungeon
 10496 | D:10     | Killed an unseen horror
 10496 | D:10     | Reached skill level 10 in Invocations
 10546 | D:10     | Noticed Gastronok
 10569 | D:10     | Killed Gastronok
 10838 | D:10     | Found a staircase to the Lair.
 10931 | D:10     | Noticed a two-headed ogre
 10938 | D:10     | Killed a two-headed ogre
 10938 | D:10     | Reached skill level 5 in Evocations
 10964 | D:10     | Noticed Fannar
 11000 | D:10     | Killed Fannar
 11162 | D:10     | Found an ornate altar of the Wu Jian Council.
 11582 | D:11     | Noticed a two-headed ogre
 11589 | D:11     | Killed a two-headed ogre
 11730 | D:11     | Noticed a green ugly thing
 11744 | D:11     | Killed a green ugly thing
 11932 | D:11     | Reached XP level 12. HP: 63/89 MP: 20/20
 12632 | D:12     | Found a staircase to the Orcish Mines.
 12844 | D:12     | Gained mutation: You are somewhat resistant to further
                  | mutation. [potion of mutation]
 12957 | D:12     | Got a fine dagger
 13481 | D:12     | Found a bloodstained altar of Trog.
 13780 | Lair:1   | Entered Level 1 of the Lair of Beasts
 13791 | Lair:1   | Found a gate leading to a gauntlet.
 13805 | Gauntlet | Entered a Gauntlet
 13805 | Gauntlet | Found a transporter.
 13815 | Gauntlet | Found a transporter.
 13830 | Gauntlet | Found a transporter.
 13835 | Gauntlet | Found a transporter.
 13852 | Gauntlet | Found a transporter.
 13870 | Gauntlet | Found a transporter.
 13882 | Gauntlet | Found a transporter.
 13892 | Gauntlet | Noticed a great orb of eyes
 13894 | Gauntlet | Found a transporter.
 13900 | Gauntlet | Found a transporter.
 13900 | Gauntlet | Found a transporter.
 13904 | Gauntlet | Found a transporter.
 13922 | Gauntlet | Found a large runed translucent door.
 13923 | Gauntlet | Found a large runed translucent door.
 13924 | Gauntlet | Found a large runed translucent door.
 13924 | Gauntlet | Found a large runed translucent door.
 13925 | Gauntlet | Found a runed translucent gate.
 13926 | Gauntlet | Found a transporter.
 13926 | Gauntlet | Found a runed translucent gate.
 13927 | Gauntlet | Found a runed translucent gate.
 13928 | Gauntlet | Found a large runed translucent door.
 13928 | Gauntlet | Found a large runed translucent door.
 13929 | Gauntlet | Found a large runed translucent door.
 13930 | Gauntlet | Found a large runed translucent door.
 13938 | Gauntlet | Found a transporter.
 13940 | Gauntlet | Noticed a death ooze
 13956 | Gauntlet | Found a transporter.
 13969 | Gauntlet | Found a large runed translucent door.
 13970 | Gauntlet | Found a large runed translucent door.
 13971 | Gauntlet | Found a large runed translucent door.
 13971 | Gauntlet | Found a large runed translucent door.
 13972 | Gauntlet | Found a runed translucent door.
 13973 | Gauntlet | Found a transporter.
 13974 | Gauntlet | Found a runed translucent door.
 13975 | Gauntlet | Found a large runed translucent door.
 13975 | Gauntlet | Found a large runed translucent door.
 13975 | Gauntlet | Found a transporter.
 13976 | Gauntlet | Found a large runed translucent door.
 13977 | Gauntlet | Found a large runed translucent door.
 14098 | Gauntlet | Found a transporter.
 14432 | Gauntlet | Identified a +0 pair of boots of running (You found it in a
                  | Gauntlet)
 14463 | Gauntlet | Found a transporter.
 14615 | Gauntlet | Killed a death ooze
 14620 | Gauntlet | Annihilated by an enormous slime creature

Skill      XL: |  1  2  3  4  5  6  7  8  9 10 11 12 |
---------------+-------------------------------------+-----
Axes           | 3 5 7 8 9 10 11 12 | 12.1
Armour         | 1 2 4 6 7 8 |  8.9
Invocations    | 1 5 7 9 11 12 | 12.7
Fighting       | 4 5 6 7 |  7.7
Evocations     | 3 6 7 |  7.8
Dodging        | |  2.6
Stealth        | |  1.7

Action                   |  1- 3 |  4- 6 |  7- 9 | 10-12 || total
-------------------------+-------+-------+-------+-------++-------
Melee: Hand axe          |    89 |       |   105 |       ||   194
       Dagger            |     7 |   171 |       |       ||   178
       Trident           |       |     6 |    86 |       ||    92
       Whip              |       |       |   238 |       ||   238
       Great mace        |       |       |    22 |   516 ||   538
Invok: Stomp             |       |       |     2 |     1 ||     3
       Grand Finale      |       |       |       |     1 ||     1
  Use: Scroll            |     6 |     4 |     7 |     7 ||    24
       Potion            |       |       |     1 |     2 ||     3
 Stab: Sleeping          |     2 |       |       |       ||     2
       Distracted        |       |       |     9 |     2 ||    11
       Paralysed         |       |       |     7 |    35 ||    42
  Eat: Chunk             |     4 |     7 |    12 |    17 ||    40
       Ration            |       |     2 |       |     1 ||     3
Armor: Robe              |    18 |       |       |       ||    18
       Ring mail         |     7 |    20 |       |       ||    27
       Plate armour      |       |    73 |   259 |   343 ||   675
Dodge: Dodged            |    94 |    72 |    97 |   191 ||   454
